 Dungeon Crawl Stone Soup version 0.29-a0-1065-g47a6bb87d6 (webtiles) character file.

Game seed: 6863099608792784395

64 nickcage the Cudgeller (level 3, -1/31 HPs)
             Began as a Minotaur Abyssal Knight on Aug 18, 2022.
             Was a Believer of Lugonu.
             Slain by a gnoll
             ... wielding a +0 whip
              (5 damage)
             ... on level 2 of the Dungeon.
             The game lasted 00:02:45 (1430 turns).

nickcage the Cudgeller (Minotaur Abyssal Knight)    Turns: 1430, Time: 00:02:46

Health: -1/31      AC:  3    Str: 19    XL:     3   Next: 91%
Magic:  3/3        EV: 11    Int:  7    God:    Lugonu [**....]
Gold:   72         SH:  0    Dex: 10    Spells: 2/2 levels left

rFire   . . .      SeeInvis .   l - +0 flail
rCold   . . .      Faith    .   (no shield)
rNeg    . . .      Spirit   .   b - +0 leather armour
rPois   .          Reflect  .   (helmet restricted)
rElec   .          Harm     .   (no cloak)
rCorr   .          Rampage  .   (no gloves)
Will    .....                   (no boots)
Stlth   +.........              (no amulet)
HPRegen 0.10/turn               (no ring)
MPRegen 0.08/turn               (no ring)

@: no status effects
A: horns 2, retaliatory headbutt
a: Renounce Religion, Depart the Abyss, Bend Space


You were on level 2 of the Dungeon.
You worshipped Lugonu.
Lugonu was pleased with you.
You visited 1 branch of the dungeon, and saw 2 of its levels.
You visited the Abyss 1 time.

You collected 72 gold pieces.

Inventory:

Hand Weapons
 a - a +1 mace
 l - a +0 flail (weapon)
Armour
 b - a +0 leather armour (worn)
Scrolls
 c - a scroll of silence {unknown}
 f - 5 scrolls of identify {unknown}
 g - a scroll of teleportation {unknown}
 h - a scroll of vulnerability {unknown}
Potions
 d - a potion of mutation {unknown}
 e - 2 potions of might {unknown}
 i - 2 potions of curing {unknown}
 j - 2 potions of brilliance {unknown}
 k - a potion of lignification {unknown}


   Skills:
 - Level 3.6 Fighting
 + Level 5.2 Maces & Flails
 - Level 2.4 Armour
 - Level 1.1 Dodging
 - Level 1.7 Invocations


You had 2 spell levels left.
You didn't know any spells.
Your spell library contained the following spells:

 Spells                   Type           Power      Damage    Failure   Level
 Freeze                   Ice            0%         1d3       50%         1
 Frozen Ramparts          Ice            0%         1d1       86%         3
 Gell's Gravitas          Tloc           0%         N/A       86%         3
 Lesser Beckoning         Tloc           0%         N/A       86%         3
 Teleport Other           Tloc           0%         N/A       86%         3
 Hailstorm                Conj/Ice       0%         3d3       99%         4


Dungeon Overview and Level Annotations

Branches:
Dungeon (2/15)

Altars:


Innate Abilities, Weirdness & Mutations

You have a pair of horns on your head.
You reflexively headbutt those who attack you in melee.


Message History

3 gnolls come into view.
The gnoll shouts! x2
The gnoll hits you from afar with a +0 spear.
The gnoll barely misses you.
There is an open door here.
You hit the gnoll.
The gnoll is lightly wounded.
The gnoll hits you with a +0 spear.
You sock the gnoll!
The gnoll is almost dead.
The gnoll closely misses you.
You hit the gnoll but do no damage. You headbutt the gnoll.
You kill the gnoll!
Lugonu accepts your kill. The gnoll hits you with a +0 club.
Your Maces & Flails skill increases to level 5!
You barely miss the gnoll. You headbutt the gnoll!
The gnoll is heavily wounded.
The gnoll hits you with a +0 club.
You are too injured to fight recklessly!
You are too injured to fight recklessly!
You are too injured to fight recklessly!
You are too injured to fight recklessly!
You are too injured to fight recklessly!
You hit the gnoll but do no damage.
You headbutt the gnoll, but do no damage.
The gnoll is heavily wounded.
The gnoll hits you with a +0 club.
* * * LOW HITPOINT WARNING * * *
You hit the gnoll but do no damage.
The gnoll is heavily wounded.
The gnoll closely misses you. You furiously retaliate!
You headbutt the gnoll!
You kill the gnoll!
Lugonu accepts your kill. The gnoll hits you with a +0 whip.
* * * LOW HITPOINT WARNING * * *
Things that are here:
a +0 club; a +0 spear You closely miss the gnoll.
The gnoll hits you with a +0 whip.
You die...

#...................
#..........#........
#..........#.....#..
#..........#.....#
#..........#.....#
############.....+
#.....# ####'#......
#@#.##### #g# # #.#
#.# #.# #.# #.# #.#


You could see a gnoll.

Vanquished Creatures
  2 gnolls (D:2)
  An adder (D:2)
  A worm (D:2)
  A dart slug (D:2)
  2 endoplasms (D:1)
  2 giant cockroaches (D:1)
  A goblin (D:1)
  3 hobgoblins (D:1)
  A jackal (D:1)
  A quokka (D:2)
  2 ball pythons (D:1)
  7 bats
  2 frilled lizards (D:1)
  A kobold (D:2)
  5 rats
32 creatures vanquished.

Vanquished Creatures (others)
  5 plants (D:1)
  8 withered plants (D:1)
13 creatures vanquished.

Grand Total: 45 creatures vanquished

Notes
Turn   | Place    | Note
-------+----------+-------------------------------------------
     0 | Abyss:1  | nickcage the Minotaur Abyssal Knight began the quest for
                  | the Orb.
     0 | Abyss:1  | Reached XP level 1. HP: 19/19 MP: 1/1
     1 | D:1      | Escaped the Abyss
   242 | D:1      | Reached skill level 3 in Maces & Flails
   304 | D:1      | Reached XP level 2. HP: 25/26 MP: 2/2
   396 | D:1      | Found a faded altar of an unknown god.
   766 | D:1      | Reached skill level 4 in Maces & Flails
   965 | D:2      | Reached XP level 3. HP: 14/31 MP: 3/3
  1426 | D:2      | Reached skill level 5 in Maces & Flails
  1430 | D:2      | Slain by a gnoll

Illustrated notes

Levels and vault maps discovered:
D:1:      nicolae_arrival_memento_mori, layout_basic,
          shapermc_ecumenical_altar_flowoftime, minivault_4, st_stairs_6,
          minivault_11
D:2:      layout_basic, chequers_serial_rivers_room_a, uniq_robin

Skill      XL: |  1  2  3 |
---------------+----------+-----
Maces & Flails | 3 4 5 |  5.2
Fighting       | |  3.6
Armour         | |  2.4
Dodging        | |  1.1
Invocations    | |  1.7

Action                   || total
-------------------------++-------
Melee: Mace              ||    72
       Headbutt          ||    19
       Punch             ||     3
       Flail             ||    10
Armor: Leather armour    ||    11
Dodge: Dodged            ||    44

Table legend: (Time is in decaauts)
 A = Elapsed time spent in this place.
 B = Non-inter-level travel time spent in this place.
 C = Inter-level travel time spent in this place.
 D = Time resting spent in this place.
 E = Time spent auto-exploring this place.
 F = Levels seen in this place.
 G = Mean time per level.
                   A        B        C        D        E       F      G
               +--------+--------+--------+--------+--------+-----+--------+
         Total |   1445 |   1433 |     12 |    407 |    829 |   3 |  481.7 |
       Dungeon |   1444 |   1432 |     12 |    407 |    829 |   2 |  722.0 |
         Abyss |      1 |      1 |      0 |      0 |      0 |   1 |    1.0 |
               +--------+--------+--------+--------+--------+-----+--------+

Top non-repeatable levels by time:
     D:1: 940 daAuts
     D:2: 504 daAuts
 Abyss:1: 1 daAuts
